 Dungeon Crawl Stone Soup version 0.28-a0-1387-g3a22ab9bdc (webtiles) character file.

Game seed: 774691769454187067

1459 bande the Chopper (level 8, -4/50 HPs)
             Began as a Gargoyle Fighter on Jan 3, 2022.
             Was a Follower of Okawaru.
             Slain by an orc warrior (6 damage)
             ... on level 6 of the Dungeon.
             The game lasted 00:11:41 (6642 turns).

bande the Chopper (Gargoyle Fighter)                Turns: 6642, Time: 00:11:42

Health: -4/50      AC: 18    Str: 20    XL:     8   Next: 76%
Magic:  9/9        EV:  7    Int: 12    God:    Okawaru [*.....]
Gold:   300        SH:  5    Dex: 17    Spells: 7/7 levels left

rFire   . . .      SeeInvis .   e - +8 hand axe of Evu Qaumo {flame, Int+3}
rCold   . . .      Faith    .   c - +0 buckler
rNeg    + . .      Spirit   .   j - +0 chain mail
rPois   ∞          Reflect  .   (no helmet)
rElec   +          Harm     .   (no cloak)
rCorr   .          Rampage  .   n - +0 pair of gloves
Will    .....                   m - +0 pair of boots
Stlth   ..........              (no amulet)
HPRegen 0.16/turn               o - +6 ring of dexterity
MPRegen 0.11/turn               g - ring of flight

@: flying
A: sickness immunity, AC +5, negative energy resistance 1, electricity
resistance, torment resistance 1, petrification resistance
a: Renounce Religion, Heroism


You were on level 6 of the Dungeon.
You worshipped Okawaru.
Okawaru was aware of your devotion.
You visited 2 branches of the dungeon, and saw 7 of its levels.

You collected 300 gold pieces.

Inventory:

Hand Weapons
 a - a +0 war axe
 e - the +8 hand axe of Evu Qaumo (weapon) {flame, Int+3}
   (You found it on level 2 of the Dungeon)

   It burns those it strikes, dealing additional fire damage.
   Big, fiery blades are also staple armaments of hydra-hunters.
   Int:       It affects your intelligence (+3).
Armour
 c - a +0 buckler (worn)
 j - a +0 chain mail (worn)
 m - a +0 pair of boots (worn)
 n - a +0 pair of gloves (worn)
Jewellery
 g - a ring of flight (right hand)
 o - a +6 ring of dexterity (left hand)
Wands
 b - a wand of paralysis (7)
 f - a wand of iceblast (23)
 h - a wand of polymorph (6)
Scrolls
 i - 3 scrolls of identify
Potions
 d - 2 potions of might
 k - a potion of ambrosia
 l - a potion of heal wounds


   Skills:
 + Level 5.4 Fighting
 + Level 6.5 Axes
 + Level 6.2 Armour
 + Level 4.7 Shields
 * Level 2.2 Invocations
 * Level 2.5 Evocations


You had 7 spell levels left.
You didn't know any spells.
Your spell library contained the following spells:

 Spells                   Type           Power      Damage    Failure   Level
 Blink                    Tloc           0%         N/A       99%         2
 Passwall                 Tmut/Erth      0%         N/A       99%         2
 Confusing Touch          Hex            0%         N/A       100%        3
 Lesser Beckoning         Tloc           0%         N/A       100%        3
 Swiftness                Air            0%         N/A       100%        3
 Manifold Assault         Tloc           0%         N/A       100%        5
 Yara's Violent Unravell  Hex/Tmut       0%         3d3       100%        5
 Enfeeble                 Hex            0%         N/A       100%        7


Dungeon Overview and Level Annotations

Branches:
Dungeon (6/15)             Temple (1/1) D:4

Altars:
Ashenzari
Dithmenos
Elyvilon
Fedhas
Gozag
Hepliaklqana
Kikubaaqudgha
Makhleb
Okawaru
Ru
Sif Muna
Trog
Uskayaw
Vehumet
Wu Jian
Xom
Yredelemnul
Zin
The Shining One

Annotations:
D:6 3 runed translucent doors, Urgle's ghost, amateur DrEE


Innate Abilities, Weirdness & Mutations

You are immune to sickness and miasma.
Your stone body is resilient. (AC +5)
You are immune to poison.
You resist negative energy. (rN+)
You are resistant to electric shocks. (rElec)
You are resistant to unholy torment.
You are immune to petrification.


Message History

You closely miss the centaur. You hit the hound but do no damage.
The hound closely misses you. You block the orc warrior's attack.
The centaur hits you but does no damage.
The centaur closely misses you. The hound bites you.
Unknown command.
You completely miss the ogre.
The ogre is almost dead.
You hit the hound. You burn the hound.
You kill the hound!
Okawaru accepts your kill.
You hit the centaur. You burn the centaur.
You kill the centaur!
Okawaru accepts your kill. The ogre hits you with a +0 giant club!
The orc warrior hits you but does no damage.
Your Armour skill increases to level 6!
Your Invocations skill increases to level 2!
You slash the ogre! You burn the ogre.
You kill the ogre!
Okawaru accepts your kill.
You slash the orc! You burn the orc.
You kill the orc!
Okawaru accepts your kill. You block the orc warrior's attack.
The orc barely misses you.
You see here a +0 giant club.
You completely miss the orc.
The orc warrior hits you from afar with a +0 trident!
* * * LOW HITPOINT WARNING * * *
You block the orc's attack.
Unknown command.
You hit the orc. You burn the orc.
You kill the orc!
Okawaru accepts your kill.
The orc warrior hits you from afar with a +0 trident.
* * * LOW HITPOINT WARNING * * *
Things that are here:
a +0 flail; a +0 short sword; a hound corpse The orc warrior hits you from afar with a +0 trident.
You die...

########## ##### .#
.........# #8_8# ..#
.........###...#...#
...........#...#...#
..........###.##...# #
#.#@))##.......# #
##...#o##....#### #
.......)......## ##
..##...........# ####.
#.>.........# #....
.............#####.###
##...................(.
#.....##.#....##...###
..##..#..##...##.#[.#


You could see an orc warrior.

Vanquished Creatures
  Sigmund (D:2)
  2 ice beasts
  A black bear (D:5)
  2 ogres
  A centaur (D:6)
  A scorpion (D:5)
  An orc priest (D:5)
  5 hounds
  3 jellies
  Natasha (thrice) (D:2 D:1)
  A centaur skeleton (D:5)
  Ijyb (D:3)
  An orc wizard (D:4)
  A killer bee zombie (D:5)
  2 hound skeletons (D:4)
  A howler monkey zombie (D:4)
  7 gnolls
  8 adders
  A shadow imp (D:5)
  An ufetubus (D:4)
  An adder skeleton (D:4)
  A worm (D:3)
  A dart slug (D:1)
  12 orcs
  11 ball pythons
  10 endoplasms
  3 giant cockroaches
  4 goblins
  4 hobgoblins
  A quokka (D:1)
  6 bats
  2 frilled lizards
  8 kobolds
  8 rats
116 creatures vanquished.

Notes
Turn   | Place    | Note
-------+----------+-------------------------------------------
     0 | D:1      | bande the Gargoyle Fighter began the quest for the Orb.
     0 | D:1      | Reached XP level 1. HP: 14/14 MP: 1/1
   119 | D:1      | Reached XP level 2. HP: 16/19 MP: 2/2
  1129 | D:1      | Reached XP level 3. HP: 23/24 MP: 3/3
  1583 | D:2      | Noticed Natasha
  1592 | D:2      | Killed Natasha
  1593 | D:2      | Reached XP level 4. HP: 15/29 MP: 4/4
  1776 | D:2      | Identified the +8 hand axe of Evu Qaumo {flame, Int+3}
  1801 | D:2      | Noticed Natasha
  1806 | D:2      | Killed Natasha
  2036 | D:2      | Noticed Natasha
  2049 | D:2      | Reached XP level 5. HP: 10/33 MP: 5/5
  2092 | D:1      | HP: 1/33 [Natasha (4)]
  2096 | D:1      | Killed Natasha
  2542 | D:2      | Noticed Sigmund
  2552 | D:2      | Killed Sigmund
  2553 | D:2      | Reached XP level 6. HP: 30/39 MP: 6/6
  2985 | D:3      | Found a faded altar of an unknown god.
  3222 | D:3      | Noticed Ijyb
  3232 | D:3      | Killed Ijyb
  3233 | D:3      | Reached XP level 7. HP: 37/44 MP: 7/7
  3683 | D:3      | Reached skill level 5 in Axes
  3805 | D:3      | Found a sacrificial altar of Ru.
  3814 | D:3      | Found a blossoming altar of Fedhas.
  4032 | D:4      | Found a staircase to the Ecumenical Temple.
  4058 | Temple   | Entered the Ecumenical Temple
  4304 | Temple   | Became a worshipper of Warmaster Okawaru
  4579 | D:4      | Reached skill level 5 in Armour
  4704 | D:5      | Entered Level 5 of the Dungeon
  4739 | D:5      | Reached skill level 1 in Evocations
  4931 | D:4      | Reached skill level 5 in Fighting
  5718 | D:5      | Reached XP level 8. HP: 45/49 MP: 8/8
  6075 | D:5      | Reached * piety under Okawaru
  6076 | D:5      | Reached skill level 1 in Invocations
  6513 | D:6      | Found a runed translucent gate.
  6514 | D:6      | Found a runed translucent gate.
  6515 | D:6      | Found a runed translucent gate.
  6516 | D:6      | Noticed Urgle's ghost (amateur DrEE)
  6609 | D:6      | Found an opulent altar of Gozag.
  6640 | D:6      | HP: 2/50 [orc warrior (3)]
  6642 | D:6      | Slain by an orc warrior

Illustrated notes

Levels and vault maps discovered:
D:1:      lordsloth_arrival_two_stooges, layout_basic, minivault_27
D:2:      layout_rooms, roderic_cross_of_infinity, fountainhead, uniq_natasha,
          uniq_sigmund
D:3:      layout_basic, mainiacjoe_overflow_swirl,
          hellmonk_ecumenical_altar_crossroads, uniq_ijyb
D:4:      layout_rooms, minmay_temple_entry_statues_fountains
D:5:      layout_cave_pods
D:6:      layout_rooms, grunt_gozag_breadcrumbs, ebering_ghost_rock_garden,
          corexii_item_surrounded_by_moat, hangedman_decor_diamond_cutter
Temple:   dpeg_five_rooms_temple

Skill      XL: |  1  2  3  4  5  6  7  8 |
---------------+-------------------------+-----
Axes           | 2 3 4 5 6 |  6.5
Fighting       | 4 5 |  5.4
Armour         | 4 5 6 |  6.2
Shields        | 4 |  4.7
Evocations     | 1 2 |  2.5
Invocations    | 2 |  2.2

Action                   |  1- 3 |  4- 6 |  7- 9 || total
-------------------------+-------+-------+-------++-------
Melee: War axe           |   102 |     1 |       ||   103
       Hand axe          |       |    69 |   127 ||   196
  Use: Scroll            |       |     4 |     5 ||     9
       Potion            |       |     1 |       ||     1
Armor: Scale mail        |    55 |    30 |     4 ||    89
       Chain mail        |       |       |   114 ||   114
Dodge: Dodged            |    63 |    31 |    72 ||   166
Block: Buckler           |    14 |    14 |    41 ||    69

Table legend: (Time is in decaauts)
 A = Elapsed time spent in this place.
 B = Non-inter-level travel time spent in this place.
 C = Inter-level travel time spent in this place.
 D = Time resting spent in this place.
 E = Time spent auto-exploring this place.
 F = Levels seen in this place.
 G = Mean time per level.
                   A        B        C        D        E       F      G
               +--------+--------+--------+--------+--------+-----+--------+
         Total |   6713 |   6618 |     95 |   2360 |   3091 |   7 |  959.0 |
       Dungeon |   6379 |   6309 |     70 |   2360 |   2797 |   6 | 1063.2 |
        Temple |    333 |    308 |     25 |      0 |    294 |   1 |  333.0 |
               +--------+--------+--------+--------+--------+-----+--------+

Top non-repeatable levels by time:
     D:1: 2067 daAuts
     D:4: 1352 daAuts
     D:3: 983 daAuts
     D:2: 926 daAuts
     D:5: 800 daAuts
  Temple: 333 daAuts
     D:6: 248 daAuts
